 Dungeon Crawl Stone Soup version 0.17-a0-981-gf8a484a (webtiles) character file.

735 Ngotmuk the Chopper (level 7, -4/67 HPs)
             Began as a Deep Dwarf Fighter on May 11, 2015.
             Was an Initiate of Ru.
             Slain by an iguana (8 damage)
             ... on level 5 of the Dungeon.
             The game lasted 00:08:41 (3148 turns).

Ngotmuk the Chopper (Deep Dwarf Fighter)            Turns: 3148, Time: 00:08:41

Health: -4/67      AC:  1    Str: 21    XL:     7   Next: 45%
Magic:  6/6        EV:  7    Int:  9    God:    Ru [......]
Gold:   143        SH: 10    Dex: 12    Spells: 0 memorised, 6 levels left

rFire  . . .     SeeInvis .     a - +1 war axe
rCold  . . .     Clarity  .     b - +0 scale mail
rNeg   . . .     SustAb   .     c - +0 shield
rPois  .         Gourm    .     o - +0 helmet
rElec  .         Spirit   .     q - +2 cloak {MR+}
rCorr  .         Warding  .     (no gloves)
rMut   .         Stasis   .     (no boots)
MR     ++...                    (no amulet)
Stlth  ..........               (no ring)
                                (no ring)

@: corroded equipment, non-regenerating, very resistant to hostile enchantments,
extremely unstealthy
A: damage resistance, recharge devices, sense surroundings 1, slow healing 3
a: Device Recharging, Renounce Religion


You were on level 5 of the Dungeon.
You worshipped Ru.
Ru was noncommittal.
You were full.

You visited 1 branch of the dungeon, and saw 5 of its levels.

You collected 143 gold pieces.

Inventory:

Hand weapons
 a - a +1 war axe (weapon)
Armour
 b - a +0 scale mail (worn)
 c - a +0 shield (worn)
 o - a +0 helmet (worn)
 q - a +2 cloak of magic resistance (worn)
Magical devices
 e - a wand of heal wounds (2)
 x - a wand of magic darts (6)
Scrolls
 h - 5 scrolls of teleportation
 k - 3 scrolls of enchant weapon
 p - 2 scrolls of noise
 s - a scroll of identify
 t - a scroll of remove curse
Potions
 d - a potion of might
 i - a potion of heal wounds
 n - 6 potions of curing {unknown}
 v - a potion of haste {unknown}
 A - a potion of poison {unknown}
Comestibles
 f - 3 bread rations
 r - 6 fruits
 z - a beef jerky


   Skills:
 * Level 5.1 Fighting
 * Level 5.8 Axes
 + Level 4.8 Armour
 + Level 4.7 Shields


You had 6 spell levels left.
You didn't know any spells.

Dungeon Overview and Level Annotations

Branches:
Dungeon (5/15)
 Temple: D:4-7

Altars:
Ashenzari
Okawaru
Ru
Zin

Shops:
D:4 (

Annotations:
D:4 Garrluk's ghost, average DEFE


Innate Abilities, Weirdness & Mutations

You are resistant to damage.
You can recharge devices by infusing magical energy.
You passively map a small area around you.
You do not heal naturally.


Message History

The jelly is severely wounded.
You block the jelly's attack.
An orc comes into view. It is wielding a short sword.
The orc shouts!
You block the jelly's attack.
You see here a club.
You hear a slurping noise.
The jelly hits you.
* * * LOW HITPOINT WARNING * * *
You are splashed with acid!
The acid burns!
* * * LOW HITPOINT WARNING * * *
You see here 6 gold pieces.
An iguana comes into view.
The iguana hisses angrily.
You block the orc wizard's attack.
The orc wizard gestures at you while chanting.
The magic dart hits you!
* * * LOW HITPOINT WARNING * * *
The iguana bites you!
You die...

#.........# *
#.##(####.# #,
#)# #..#
*#[###..#
#......#
*#..###.# #,
#..###.##### **
#.##..l........,,
, * *
#......@..##
#####..#### , *,
, ,* #Jo#
#..########
**#####..........
,......o$.....##
* *
###(......##.#
#.#..)..#
#.##.........


You could see an iguana, a jelly, an orc wizard and an orc.

Vanquished Creatures
  An ice beast (D:5)
  2 phantoms (D:5)
  A jelly (D:5)
  A scorpion (D:4)
  A crimson imp (D:5)
  Crazy Yiuf (D:3)
  Terence (D:3)
  Natasha (thrice) (D:3)
  3 orc wizards
  A worker ant (D:4)
  Robin (D:2)
  5 adders
  An ooze (D:4)
  A worm (D:2)
  4 giant geckos
  15 orcs
  A bat zombie (D:5)
  12 goblins
  13 hobgoblins
  12 jackals
  2 quokkas
  A ball python (D:1)
  7 bats
  2 giant cockroaches
  4 giant newts (D:2)
  6 kobolds
  7 rats
109 creatures vanquished.

Notes
Turn   | Place    | Note
--------------------------------------------------------------
     0 | D:1      | Ngotmuk, the Deep Dwarf Fighter, began the quest for the Orb.
     0 | D:1      | Reached XP level 1. HP: 20/20 MP: 1/1
   224 | D:1      | Reached XP level 2. HP: 26/28 MP: 2/2
   891 | D:2      | Reached XP level 3. HP: 14/34 MP: 3/3
   976 | D:2      | Noticed Robin
  1021 | D:2      | Killed Robin
  1021 | D:2      | Reached XP level 4. HP: 8/42 MP: 4/4
  1363 | D:3      | Noticed Natasha
  1371 | D:3      | Killed Natasha
  1380 | D:3      | Noticed Natasha
  1389 | D:3      | Killed Natasha
  1389 | D:3      | Reached skill level 4 in Armour
  1434 | D:3      | Reached XP level 5. HP: 12/50 MP: 5/5
  1528 | D:3      | Noticed Terence
  1531 | D:3      | Found a shattered altar of Ashenzari.
  1623 | D:3      | Killed Terence
  1807 | D:3      | Noticed Natasha
  1814 | D:3      | Killed Natasha
  1981 | D:3      | Noticed Crazy Yiuf
  1989 | D:3      | Killed Crazy Yiuf
  2297 | D:4      | Found Lonics's Weapon Boutique.
  2329 | D:4      | Reached XP level 6. HP: 26/57 MP: 6/6
  2448 | D:4      | Found a glowing silver altar of Zin.
  2486 | D:4      | Noticed Garrluk's ghost (average DEFE)
  2498 | D:5      | Entered Level 5 of the Dungeon
  2569 | D:5      | Reached skill level 5 in Axes
  2643 | D:5      | Reached XP level 7. HP: 37/66 MP: 7/7
  2725 | D:5      | Reached skill level 5 in Fighting
  2835 | D:5      | Found a sacrificial altar of Ru.
  2835 | D:5      | Found an iron altar of Okawaru.
  2847 | D:5      | Became a worshipper of Ru the Awakened
  3003 | D:4      | Noticed a water moccasin
  3004 | D:4      | Noticed a water moccasin
  3005 | D:4      | Noticed a water moccasin
  3148 | D:5      | Slain by an iguana

Vault maps used:
D:1:      matt_arrival_los_fun
D:2:      uniq_robin
D:3:      first_bread, cheibrodos_ashenzari_chains, uniq_crazy_yiuf_cottage,
          uniq_natasha, uniq_terence
D:4:      zin_academy, serial_shops, shop, guppyfry_shop_venom
D:5:      amethyst_overflow_temple_binary, serial_shops, shop, lightli_minifort

Action                   |  1- 3 |  4- 6 |  7- 9 || total
-------------------------+-------+-------+-------++-------
Melee: War axe           |   144 |   217 |    68 ||   429
       Hand axe          |       |    17 |       ||    17
 Abil: Device Recharging |       |       |     1 ||     1
Evoke: Wand              |       |     4 |     2 ||     6
  Use: Scroll            |       |     2 |     7 ||     9
  Eat: Meat ration       |       |     1 |     1 ||     2
       Fruit             |       |     1 |       ||     1
       Beef jerky        |       |       |     1 ||     1
